 Dungeon Crawl Stone Soup version 0.16.1-51-g6203257 (webtiles) character file.

435 Miyamura the Bolt Thrower (level 6, -2/53 HPs)
             Began as a Minotaur Hunter on July 16, 2015.
             Was an Initiate of Okawaru.
             Killed by divine providence
             ... invoked by an orc priest
              (16 damage)
             ... on level 4 of the Dungeon.
             The game lasted 00:08:34 (3216 turns).

Miyamura the Bolt Thrower (Minotaur Hunter)         Turns: 3216, Time: 00:08:35

Health: -2/53      AC: 13    Str: 18    XL:     6   Next: 68%
Magic:  3/3        EV:  6    Int: 11    God:    Okawaru [......]
Gold:   146        SH:  0    Dex: 11    Spells: 0 memorised, 5 levels left

rFire  . . .     SeeInvis .     d - -2 mace (curse)
rCold  . . .     Clarity  .     n - +0 plate armour
rNeg   . . .     SustAb   .     (no shield)
rPois  .         Gourm    .     (helmet restricted)
rElec  .         Spirit   .     (no cloak)
rCorr  .         Warding  .     (no gloves)
rMut   .         Stasis   .     l - +1 pair of boots {run}
MR     .....                    (no amulet)
Stlth  ..........               (no ring)
                                a - +3 ring of intelligence

@: quick, not resistant to hostile enchantments, extremely unstealthy
A: retaliatory headbutt, horns 2
a: Renounce Religion


You were on level 4 of the Dungeon.
You worshipped Okawaru.
Okawaru was noncommittal.
You were not hungry.

You visited 1 branch of the dungeon, and saw 4 of its levels.

You collected 146 gold pieces.

Inventory:

Hand weapons
 b - a +1 hand crossbow
 d - a cursed -2 mace (weapon)
 e - a +0 hand axe
Missiles
 c - 5 bolts
 o - 8 javelins of penetration (quivered)
Armour
 l - a +1 pair of boots of running (worn)
 n - a +0 plate armour (worn)
Jewellery
 a - a +3 ring of intelligence (left hand)
Magical devices
 h - a wand of fireball (4)
Potions
 i - a potion of might
 k - 2 potions of restore abilities
 p - a potion of brilliance
Comestibles
 f - a bread ration
 g - 5 fruits
 j - a beef jerky
 m - 4 chunks of flesh
 q - 2 slices of pizza


   Skills:
 + Level 4.7 Fighting
 + Level 1.3 Axes
 + Level 5.8 Crossbows
 + Level 3.9 Armour
 + Level 4.1 Dodging
 - Level 0.7 Stealth


You had 5 spell levels left.
You didn't know any spells.

Dungeon Overview and Level Annotations

Branches:
Dungeon (4/15)
 Temple: D:4-7

Altars:
Gozag
Okawaru
Vehumet


Innate Abilities, Weirdness & Mutations

You reflexively headbutt those who attack you in melee.
You have a pair of horns on your head.


Message History

The magic dart hits you! The orc priest hits you with a mace.
The orc wizard mumbles some strange words.
The orc wizard flickers and vanishes!
Deactivating autopickup; reactivate with Ctrl-A.
You miss something. Something hits you but does no damage.
The orc priest hits you but does no damage.
Something hits you but does no damage.
You miss something. Something hits you but does no damage.
The orc priest hits you but does no damage.
Something hits you but does no damage.
The orc priest hits you but does no damage.
You closely miss something.
You hear some strange, mumbled words.
The magic dart hits you!
You hear some strange, mumbled words.
The magic dart hits you!
* * * LOW HITPOINT WARNING * * *
The orc priest invokes the aid of Beogh against you.
Something smites you!
You die...

..#..# .. #....# ##.#
.###....# #..#
........####..#
#.........#..## #
#.............#####.#
#..............#
###o{##.......#
#@†###oo##.## ##.##
#.....# #..# ##..##.#
#..# #o)## .#
........## ........#.
#........##.
........### ......##


You could see an orc priest.

Vanquished Creatures
  The ghost of EmilioHeskey the Skirmisher, an average DrBe of Trog (D:3)
  A giant frog (D:4)
  An orc wizard (D:3)
  Natasha (thrice) (D:3)
  3 adders
  4 gnolls
  A giant mite (D:3)
  A worm (D:2)
  A giant gecko (D:3)
  2 oozes (D:1)
  8 orcs
  7 bats
  5 giant cockroaches
  17 goblins
  4 hobgoblins
  3 jackals (D:3)
  A quokka (D:2)
  7 kobolds
  A quokka skeleton (D:4)
  9 rats
80 creatures vanquished.

Notes
Turn   | Place    | Note
--------------------------------------------------------------
     0 | D:1      | Miyamura, the Minotaur Hunter, began the quest for the Orb.
     0 | D:1      | Reached XP level 1. HP: 18/18 MP: 1/1
   205 | D:1      | Reached skill level 1 in Armour
   254 | D:1      | Reached XP level 2. HP: 25/25 MP: 1/1
   441 | D:1      | Identified a +1 pair of boots of running (You found it on level 1 of the Dungeon)
   883 | D:2      | Found an opulent altar of Gozag.
   971 | D:2      | Reached XP level 3. HP: 17/31 MP: 2/2
  1430 | D:2      | Reached XP level 4. HP: 38/38 MP: 2/2
  1518 | D:3      | Reached skill level 5 in Crossbows
  1574 | D:3      | Found a radiant altar of Vehumet.
  1902 | D:3      | Noticed EmilioHeskey's ghost (average DrBe)
  2006 | D:3      | Killed EmilioHeskey's ghost
  2006 | D:3      | Reached XP level 5. HP: 24/46 MP: 2/2
  2190 | D:3      | Reached XP level 6. HP: 52/52 MP: 3/3
  2369 | D:3      | Found an iron altar of Okawaru.
  2375 | D:3      | Became a worshipper of Warmaster Okawaru
  2508 | D:3      | Noticed Natasha
  2608 | D:3      | Killed Natasha
  2616 | D:3      | Noticed Natasha
  2621 | D:3      | Killed Natasha
  2873 | D:3      | Noticed Natasha
  2875 | D:3      | Killed Natasha
  3055 | D:4      | Reached skill level 1 in Axes
  3216 | D:4      | Killed from afar by an orc priest

Action                   |  1- 3 |  4- 6 || total
-------------------------+-------+-------++-------
Melee: Mace              |       |   183 ||   183
 Fire: Hand crossbow     |    95 |    14 ||   109
Throw: Javelin           |     1 |     2 ||     3
  Use: Scroll            |     7 |     2 ||     9
       Potion            |       |     8 ||     8
  Eat: Chunk             |       |     3 ||     3
       Bread ration      |       |     1 ||     1
